AoeStats
← Spinosaurus320

Arabia

509769731Analyzed
3v3 RM · 6d ago on Sep 28, 2026· 61m 30s· 6 players
Game mode
Random Map
Map size
Normal (6 player)
Population
200
Speed
Normal
Resources
Standard
Victory
Conquest
Starting age
Dark Age
Ending age
Imperial Age
RankedLock teamsTeams togetherTeam positionsShared explorationLock speedFull tech treeHidden civsTurbo modeCheats
Victory
Defeat
🇺🇸 Persians · United States
603
+9
🇺🇸 Vikings · United States
569
+10
🇺🇸 Saxons · United States
514
+13
🇺🇸 Saxons · United States
461
-11
🇺🇸 Danes · United States
444
-11
🇺🇸 Varangians · United States
418
-10
Kenshin Brown
7:29 Loom
9:44 Feudal Age
10:09 Double-Bit Axe
17:47 Castle Age
16:38 Horse Collar
17:36 Wheelbarrow
19:49 Forging
19:45 Scale Barding Armor
21:42 Iron Casting
27:07 Chain Barding Armor
34:19 Imperial Age
36:32 Hand Cart
36:54 Conscription
36:36 Cavalier
38:19 Elite War Elephant
42:54 Blast Furnace
42:30 Plate Barding Armor
43:09 Citadels
43:00 Kamandaran
45:30 Heavy Plow
45:35 Fletching
45:46 Padded Archer Armor
45:26 Crossbowman
46:29 Thumb Ring
47:12 Bodkin Arrow
47:23 Caravan
50:54 Savar
51:45 Bloodlines
51:40 Husbandry
59:05 Chemistry
58:27 Ballistics
Smada0702
7:17 Loom
12:03 Feudal Age
14:15 Double-Bit Axe
14:13 Horse Collar
20:34 Gold Mining
20:35 Stone Mining
23:49 Wheelbarrow
30:30 Castle Age
29:37 Forging
29:28 Scale Mail Armor
29:29 Padded Archer Armor
29:19 Fletching
28:53 Man-at-Arms
29:55 Arson
32:01 Wheelbarrow
31:37 Crossbowman
37:17 Heavy Plow
37:30 Bow Saw
40:34 Imperial Age
37:48 Clerical Recruitment
42:01 Thumb Ring
41:17 Arbalester
43:42 Two-Man Saw
44:54 Squires
44:40 Gambesons
44:16 Long Swordsman
44:58 Shield Wall
49:25 Chemistry
48:49 Fortified Wall
49:26 Crop Rotation
49:48 Wheelbarrow
49:12 Guard Tower
49:09 Arrowslits
49:22 Murder Holes
49:22 Heated Shot
50:21 Iron Casting
50:45 Elite Hearth Troop
52:09 Elite Varangian Guard
52:24 Capped Ram
53:42 Chain Mail Armor
EL Loodo
12:08 Loom
14:55 Feudal Age
15:35 Double-Bit Axe
16:04 Horse Collar
16:40 Stone Mining
25:12 Castle Age
29:56 Imperial Age
27:56 Heavy Plow
28:09 Bow Saw
31:14 Gold Mining
34:36 Scale Mail Armor
34:47 Forging
34:43 Chieftains
36:33 Gold Shaft Mining
37:02 Iron Casting
36:43 Chain Mail Armor
37:42 Elite Berserk
52:29 Plate Mail Armor
53:00 Blast Furnace
51:51 Fletching
52:04 Padded Archer Armor
53:38 Two-Man Saw
53:15 Bogsveigar
53:21 Elite Skirmisher
54:35 Caravan
61:53 Leather Archer Armor
61:34 Bodkin Arrow
bigbossjames
3:28 Loom
10:50 Feudal Age
12:16 Double-Bit Axe
13:51 Horse Collar
14:57 Bloodlines
15:43 Wheelbarrow
19:31 Forging
31:58 Castle Age
31:55 Stone Mining
37:31 Scale Barding Armor
43:46 Iron Casting
43:18 Caravan
45:50 Chain Barding Armor
47:32 Town Watch
56:12 Imperial Age
60:13 Conscription
61:37 Blast Furnace
DrMapp3000
0:29 Loom
12:26 Feudal Age
16:15 Wheelbarrow
19:00 Double-Bit Axe
24:20 Arson
27:07 Man-at-Arms
31:51 Castle Age
32:23 Stone Mining
33:00 Long Swordsman
33:59 Gold Mining
34:56 Stone Shaft Mining
36:11 Bow Saw
37:00 Gold Shaft Mining
37:43 Pikeman
38:24 Squires
38:10 Gambesons
Spinosaurus320
0:27 Loom
10:19 Feudal Age
10:58 Double-Bit Axe
11:34 Horse Collar
15:48 Town Watch
22:30 Castle Age
20:31 Fletching
20:42 Padded Archer Armor
22:54 Forging
22:45 Scale Mail Armor
24:13 Iron Casting
23:09 Pikeman
24:44 Squires
25:02 Chain Mail Armor
32:07 Bodkin Arrow
32:41 Leather Archer Armor
32:28 Crossbowman
34:40 Wheelbarrow
37:47 Imperial Age
38:28 Ballistics
39:31 Elite Skirmisher
40:46 Bow Saw
40:31 Gold Mining
41:19 Bracer
41:50 Ring Archer Armor
43:33 Plate Mail Armor
44:09 Arbalester
45:50 Thumb Ring
46:12 Conscription
47:25 Shield Wall
49:22 Elite Varangian Guard
52:35 Sanctity
53:17 Gold Shaft Mining
52:33 Stone Mining
54:00 Block Printing
53:28 Clerical Recruitment
54:34 Caravan
54:54 Gambesons
59:06 Gambesons
62:26 Chemistry
Connection lost

Rejoining the realm…

Still unreachable

The connection could not be restored.

Session expired

The server has moved on; the page needs a fresh start.